 Dungeon Crawl Stone Soup version 0.30.1-9-gdf580d7c3d (webtiles) character file.

Game seed: 14526711575647862807

1008 monsoonserge the Skirmisher (level 8, -3/42 HPs)
             Began as a Spriggan Hunter on Sept 25, 2023.
             Killed from afar by a steam dragon (19 damage)
             ... with a ball of steam
             ... on level 6 of the Dungeon.
             The game lasted 00:12:52 (4776 turns).

monsoonserge the Skirmisher (Spriggan Hunter)       Turns: 4776, Time: 00:12:52

Health: -3/42      AC:  2    Str:  7    XL:     8   Next: 1%
Magic:  0/9        EV: 19    Int: 11    God:
Gold:   388        SH:  0    Dex: 20    Spells: 7/7 levels left

rFire   . . .        a - +0 shortbow
rCold   + . .        (shield currently unavailable)
rNeg    . . .        c - +0 robe
rPois   .            (helmet restricted)
rElec   .            (no cloak)
rCorr   +            (gloves unavailable)
SInv    +            (boots unavailable)
Will    +....        j - amulet of the King {Spirit rC+ rCorr}
Stlth   ++           t - ring of flight
HPRegen 0.27/turn    (no ring)
MPRegen 0.11/turn

%: guardian spirit
@: flying, very quick
A: very small, no large weapons, unfitting armour, see invisible, speed 3
a: no special abilities


You were on level 6 of the Dungeon.
You visited 1 branch of the dungeon, and saw 6 of its levels.
You also visited: Ossuary.

You collected 388 gold pieces.

Inventory:

Hand Weapons
 a - a +0 shortbow (weapon)
Missiles
 f - 5 poisoned darts
 k - 8 boomerangs
Armour
 c - a +0 robe (worn)
Jewellery
 j - the amulet of the King (around neck) {Spirit rC+ rCorr}
   (You found it on level 2 of the Dungeon)

   [amulet of guardian spirit]

   It causes incoming damage to be divided between your reserves of health and
   magic.
   rC:        It protects you from cold.
   rCorr:     It protects you from acid and corrosion.
 t - a ring of flight (left hand)
Wands
 p - a wand of flame (21)
Scrolls
 b - 2 scrolls of immolation
 d - 2 scrolls of teleportation
 e - 7 scrolls of identify {unknown}
 m - a scroll of blinking {unknown}
 n - a scroll of enchant armour {unknown}
 o - a scroll of fog {unknown}
 q - 2 scrolls of vulnerability {unknown}
 s - 2 scrolls of brand weapon {unknown}
 u - a scroll of enchant weapon {unknown}
 w - a scroll of amnesia {unknown}
 y - a scroll of fear {unknown}
Potions
 g - a potion of might {unknown}
 h - 2 potions of curing {unknown}
 i - 2 potions of mutation {unknown}
 l - 3 potions of heal wounds
 r - 2 potions of resistance {unknown}
 v - 2 potions of flight {unknown}
 x - 2 potions of cancellation {unknown}
 z - a potion of magic {unknown}
 A - a potion of degeneration {unknown}


   Skills:
 + Level 3.7 Fighting
 + Level 9.0 Ranged Weapons
 + Level 3.6 Dodging
 + Level 2.1 Stealth


You had 7 spell levels left.
You didn't know any spells.
Your spell library contained the following spells:

 Spells                   Type           Power      Damage    Failure   Level
 Dazzling Flash           Conj/Hex       0%         N/A       71%         3
 Volatile Blastmotes      Fire/Tloc      0%         2d10      71%         3
 Iskenderun's Mystic Bla  Conj/Tloc      0%         2d3       98%         4
 Starburst                Conj/Fire      0%         6d3       100%        6


Dungeon Overview and Level Annotations

Branches:
Dungeon (6/15)            Ossuary (visited)
 Temple: D:4-7

Altars:
Elyvilon
Kikubaaqudgha
Uskayaw
Zin


Innate Abilities, Weirdness & Mutations

You are very small and have problems with some larger weapons.
You are too small for most types of armour.
You have supernaturally acute eyesight. (SInv)
You cover ground extremely quickly. (Speed+++)


Message History

Fire: a) +0 shortbow
Press: ? - help, Q - select action, (/) - cycle Shift-Dir - straight line, f/p - kobold
Aim: a kobold, wielding a +0 club (61% to hit)
You shoot an arrow.
The arrow closely misses the kobold brigand.
The arrow hits the kobold!
You kill the kobold!
The iguana barely misses you.
Fire: a) +0 shortbow
Press: ? - help, Q - select action, (/) - cycle Shift-Dir - straight line, f/p - kobold
Aim: a kobold, wielding a +0 club (61% to hit)
You shoot an arrow.
The arrow barely misses the kobold brigand.
The arrow barely misses the kobold.
The arrow hits the kobold.
You kill the kobold!
Your surroundings suddenly seem different.
An adder and a steam dragon come into view.
The adder hisses angrily.
Found a helmet.
The adder misses you.
The steam dragon hisses angrily.
The steam dragon breathes steam at you. The ball of steam hits you!
Fire: a) +0 shortbow
Press: ? - help, Q - select action, (/) - cycle Shift-Dir - straight line, f - steam dragon
Aim: a steam dragon (67% to hit)
You shoot an arrow. The arrow completely misses the adder.
The arrow hits the steam dragon!
The steam dragon is moderately wounded.
Fire: a) +0 shortbow
Press: ? - help, Q - select action, (/) - cycle Shift-Dir - straight line, f/p - steam dragon
Aim: a steam dragon (moderately wounded, 67% to hit)
You shoot an arrow. The arrow hits the adder!
The adder is severely wounded.
The adder misses you. The steam dragon breathes steam at you.
The ball of steam hits the adder!!
The adder dies!
The ball of steam hits you!!
You die...

#################
#...D...##......#
#D####.........##
#..............#
#..###.........#
# #..#
#..§§.....###
#§.#
##........###
#§.# #..###...#
#@.# #[.## ##..#
#.......# #...
........# #.##
#######.#. .# #


There were no monsters in sight!

Vanquished Creatures
  A centaur (D:4)
  A phantom (D:5)
  2 scorpions
  A wight (Ossuary)
  2 killer bees (D:6)
  A howler monkey (D:5)
  2 bullfrog zombies (Ossuary)
  4 centaur zombies (Ossuary)
  2 hounds
  3 iguanas (D:5)
  An orc wizard (D:4)
  3 gnolls (D:6)
  5 adders
  A white imp (D:6)
  An ufetubus (D:6)
  2 adder zombies (Ossuary)
  A dart slug (D:1)
  19 orcs
  9 ball pythons
  8 endoplasms
  3 giant cockroaches (D:1)
  9 goblins
  2 hobgoblins (D:1)
  4 jackals (D:4)
  2 quokkas (D:1)
  3 bats
  2 frilled lizards
  7 gnoll zombies (Ossuary)
  3 goblin zombies (Ossuary)
  A hobgoblin zombie (Ossuary)
  8 kobolds
  3 orc zombies (Ossuary)
  6 rats
122 creatures vanquished.

Vanquished Creatures (others)
  An adder (D:6)
1 creature vanquished.

Grand Total: 123 creatures vanquished

Notes
Turn   | Place    | Note
-------+----------+-------------------------------------------
     0 | D:1      | monsoonserge the Spriggan Hunter began the quest for the
                  | Orb.
     0 | D:1      | Reached XP level 1. HP: 10/10 MP: 2/2
    95 | D:1      | Reached XP level 2. HP: 13/15 MP: 3/3
   249 | D:1      | Found a faded altar of an unknown god.
   360 | D:1      | Reached XP level 3. HP: 18/18 MP: 4/4
   728 | D:2      | Reached skill level 5 in Ranged Weapons
   914 | D:2      | Identified the amulet of the King {Spirit rC+ rCorr}
  1051 | D:2      | Reached XP level 4. HP: 23/23 MP: 5/5
  1209 | D:2      | Identified the +1 mace of Defilement {freeze, Int-5 Dex+4}
  1963 | D:3      | Found an ancient bone altar of Kikubaaqudgha.
  2269 | D:4      | Identified the +4 short sword of Amorality {venom, SInv}
  2285 | D:4      | Found a white marble altar of Elyvilon.
  2326 | D:4      | Noticed a scorpion
  2341 | D:4      | Killed a scorpion
  2342 | D:4      | Reached XP level 5. HP: 6/27 MP: 2/6
  2447 | D:4      | Noticed a centaur
  2555 | D:4      | Reached skill level 6 in Ranged Weapons
  2999 | D:4      | Killed a centaur
  3000 | D:4      | Reached XP level 6. HP: 32/32 MP: 7/7
  3076 | D:5      | Entered Level 5 of the Dungeon
  3163 | D:5      | Found a glowing silver altar of Zin.
  3455 | D:5      | Reached skill level 7 in Ranged Weapons
  3910 | D:5      | Reached XP level 7. HP: 27/36 MP: 6/8
  4154 | D:6      | Found a sand-covered staircase.
  4169 | Ossuary  | Entered an ossuary
  4275 | Ossuary  | Reached skill level 8 in Ranged Weapons
  4446 | Ossuary  | Noticed a silent spectre
  4688 | D:6      | Reached XP level 8. HP: 22/42 MP: 4/9
  4741 | D:6      | Reached skill level 9 in Ranged Weapons
  4748 | D:6      | Found a hide-covered altar of Uskayaw.
  4776 | D:6      | Killed from afar by a steam dragon

Illustrated notes

Levels and vault maps discovered:
D:1:      wander_arrival_estate, layout_basic, basic_ecumenical_altar
D:2:      layout_basic, hangedman_decor_push
D:3:      layout_loops_cross, kiku_gazebo_pond_becter, kennysheep_cross_room
D:4:      layout_basic, lemuel_crystal_altar
D:5:      layout_basic, lemuel_tele_altar
D:6:      minmay_recursive_quarters, layout_loops_ring,
          nicolae_uskayaw_dance_studio, lightli_ossuary_entry_decrepit_ruins,
          ebering_ghost_sewer_d, palyth_stone_intersect

Skill      XL: |  1  2  3  4  5  6  7  8 |
---------------+-------------------------+-----
Fighting       | 2 3 |  3.7
Ranged Weapons | 5 6 7 8 9 |  9.0
Dodging        | 3 |  3.6
Stealth        | 2 |  2.1

Action                     |  1- 3 |  4- 6 |  7- 9 || total
---------------------------+-------+-------+-------++-------
   Fire: Shortbow          |    94 |   182 |   168 ||   444
    Use: Scroll            |       |       |     1 ||     1
         Potion            |       |       |     1 ||     1
 Armour: Robe              |     2 |     5 |     8 ||    15
  Dodge: Dodged            |    20 |    87 |   103 ||   210
